 Dungeon Crawl Stone Soup version 0.22-a0-480-g991dd4b (webtiles) character file.

3599 Laiders72 the Basher (level 9, -8/88 HPs)
             Began as a Deep Dwarf Fighter on June 16, 2018.
             Was a Believer of Makhleb.
             Mangled by a two-headed ogre
             ... wielding a +0 giant spiked club
              (24 damage)
             ... on level 8 of the Dungeon.
             The game lasted 00:20:49 (6870 turns).

Laiders72 the Basher (Deep Dwarf Fighter)           Turns: 6870, Time: 00:20:50

Health: -8/88      AC: 14    Str: 21    XL:     9   Next: 85%
Magic:  13/13      EV:  6    Int: 10    God:    Makhleb [**....]
Gold:   284        SH: 11    Dex: 13    Spells: 8/8 levels left

rFire    . . .     SeeInvis .   p - +5 flail (curse)
rCold    . . .     Gourm    .   c - +0 shield
rNeg     . . .     Faith    .   o - +0 chain mail
rPois    .         Spirit   .   (no helmet)
rElec    .         Reflect  .   r - +0 cloak
rCorr    .         Harm     .   s - +0 pair of gloves
MR       +....                  A - +0 pair of boots
Stlth    ..........             (no amulet)
HPRegen  0.00/turn              e - ring of magical power
MPRegen  0.13/turn              y - ring of stealth

@: non-regenerating
A: damage resistance, heal wounds, sense surroundings 2, no regeneration
a: Heal Wounds, Minor Destruction, Renounce Religion


You were on level 8 of the Dungeon.
You worshipped Makhleb.
Makhleb was pleased with you.
You were hungry.

You visited 2 branches of the dungeon, and saw 9 of its levels.

You collected 284 gold pieces.

Inventory:

Hand Weapons
 p - a cursed +5 flail (weapon)
 K - a +3 morningstar
 M - a +3 flail
Missiles
 l - 2 throwing nets (quivered)
 x - 6 steel tomahawks
 C - 5 tomahawks
Armour
 c - a +0 shield (worn)
 o - a +0 chain mail (worn)
 r - a +0 cloak (worn)
 s - a +0 pair of gloves (worn)
 A - a +0 pair of boots (worn)
Jewellery
 e - a ring of magical power (left hand)
 y - a ring of stealth (right hand)
 D - an uncursed ring of protection from fire
 I - an uncursed ring of protection from cold
Wands
 F - a wand of digging (11)
 N - a wand of iceblast (8)
Scrolls
 a - a scroll of random uselessness {unknown}
 g - 2 scrolls of remove curse
 h - 2 scrolls of blinking {unknown}
 m - 6 scrolls of teleportation
 n - a scroll of immolation {unknown}
 q - 2 scrolls of magic mapping {unknown}
 t - 4 scrolls of noise {unknown}
 u - 3 scrolls of fear {unknown}
 w - a scroll of enchant weapon {unknown}
 O - a scroll of fog {unknown}
Potions
 b - 6 potions of lignification
 d - a potion of might
 i - a potion of resistance
 j - a potion of mutation
 k - 6 potions of curing
 v - a potion of invisibility {unknown}
 z - 2 potions of agility {unknown}
 B - 3 potions of heal wounds {unknown}
 G - a potion of degeneration {unknown}
 H - a potion of haste {unknown}
 J - a potion of brilliance {unknown}
 L - a potion of flight {unknown}
Comestibles
 f - 15 rations


   Skills:
 * Level 8.0 Fighting
 * Level 8.4 Maces & Flails
 + Level 7.1 Armour
 + Level 7.1 Shields


You had 8 spell levels left.
You didn't know any spells.
Your spell library contained the following spells:

 Spells                   Type           Power        Failure   Level  Hunger
 Iron Shot                Conj/Erth      #.........   100%        6    #######
 Spider Form              Tmut/Pois      #.........   100%        3    ####...
 Lee's Rapid Deconstruct  Erth           #.........   100%        5    ######.
 Sandblast                Erth           #.....       100%        1    ##.....
 Petrify                  Tmut/Erth      #.......     100%        4    #####..
 Beastly Appendage        Tmut           #.....       100%        1    ##.....


Dungeon Overview and Level Annotations

Branches:
Dungeon (8/15)             Temple (1/1) D:5            Lair (0/6) D:8

Altars:
Ashenzari
Cheibriados
Dithmenos
Elyvilon
Fedhas
Gozag
Hepliaklqana
Kikubaaqudgha
Makhleb
Nemelex Xobeh
Okawaru
Qazlal
Ru
Sif Muna
Trog
Uskayaw
Vehumet
Wu Jian
Xom
Yredelemnul
Zin
The Shining One

Shops:
D:5 (


Innate Abilities, Weirdness & Mutations

You are resistant to damage.
You can heal yourself by infusing magical energy.
You passively map the area around you.
You do not regenerate.


Message History

A two-headed ogre comes into view. It is wielding two giant spiked clubs.
The two-headed ogre shouts in stereo!
Found a hardcover book.
Evoke which item? (* to show all) (? for menu, Esc to quit)
Okay, then.
Okay, then.
Okay, then.
You feel much better.
The two-headed ogre hits you with a giant spiked club! x2
You bludgeon the two-headed ogre!!
The two-headed ogre is moderately wounded.
You bludgeon the two-headed ogre!!
The two-headed ogre is severely wounded.
The two-headed ogre hits you with a giant spiked club!
* * * LOW HITPOINT WARNING * * *
You block the two-headed ogre's attack.
You hit the two-headed ogre.
The two-headed ogre is severely wounded.
The two-headed ogre hits you with a giant spiked club!!
You die...

.###.......# #...≈≈.≈..#.# .#
#.......# #....≈:≈. #.# .#
#.......# #......≈ #.# .#
#######.# #...... #.# .# , ,
,..* ..... ,,#.# .# ,, , ...,
#.# .# * #'# #.###### .# * , *
#O# #......# .# * * #@#
######.# .# #.# #.#
################.# #.#
.................# #.#
#############################.#
##.............#..............#
##.###########.#.##############
##.# #.#.# ##.# ##### #.#.#


You could see a two-headed ogre.

Vanquished Creatures
  Pikel (D:7)
  Duvessa (D:7)
  An orc warrior (D:6)
  2 ice beasts (D:8)
  A phantom (D:3)
  A sky beast (D:8)
  2 ogres
  2 centaurs (D:5)
  6 bullfrogs
  Dowan (D:7)
  A scorpion (D:8)
  The ghost of KillYourself the Skirmisher, a weakling HOFi of Qazlal (D:3)
  3 killer bees (D:8)
  4 wights (D:7)
  A howler monkey (D:6)
  3 crimson imps
  A centaur zombie (D:8)
  A quasit (D:7)
  A jelly (D:6)
  A gnoll shaman (D:4)
  Crazy Yiuf (D:2)
  2 hounds
  7 orc priests
  Terence (D:2)
  An iguana (D:4)
  Natasha (thrice) (D:2)
  3 orc wizards (D:3)
  6 worker ants
  A hound zombie (D:7)
  A hound skeleton (D:4)
  14 adders
  15 gnolls
  4 shadow imps
  An ooze (D:1)
  2 adder skeletons
  5 worms
  2 dart slugs
  3 leopard geckos
  32 orcs
  12 bats
  7 giant cockroaches
  9 goblins
  10 hobgoblins
  11 jackals
  7 kobolds
  5 quokkas
  6 frilled lizards
  2 jackal skeletons
  A jackal zombie (D:5)
  2 quokka skeletons
  5 rats
216 creatures vanquished.

Vanquished Creatures (others)
  A bullfrog skeleton (D:7)
1 creature vanquished.

Grand Total: 217 creatures vanquished

Notes
Turn   | Place    | Note
-------+----------+-------------------------------------------
     0 | D:1      | Laiders72 the Deep Dwarf Fighter began the quest for the Orb.
     0 | D:1      | Reached XP level 1. HP: 20/20 MP: 1/1
   179 | D:1      | Reached XP level 2. HP: 22/27 MP: 2/2
   573 | D:1      | Reached XP level 3. HP: 26/34 MP: 3/3
  1114 | D:2      | Noticed Natasha
  1125 | D:2      | Killed Natasha
  1125 | D:2      | Reached XP level 4. HP: 25/42 MP: 3/3
  1172 | D:2      | Noticed Natasha
  1185 | D:2      | Killed Natasha
  1191 | D:2      | Found a sacrificial altar of Ru.
  1265 | D:2      | Found a hide-covered altar of Uskayaw.
  1433 | D:2      | Reached XP level 5. HP: 38/50 MP: 4/4
  1454 | D:2      | Found a faded altar of an unknown god.
  1494 | D:2      | Noticed Terence
  1504 | D:2      | Killed Terence
  1506 | D:2      | Found a runed door.
  1557 | D:2      | Noticed Natasha
  1570 | D:2      | Killed Natasha
  1688 | D:2      | Noticed Crazy Yiuf
  1691 | D:2      | Killed Crazy Yiuf
  1917 | D:3      | Noticed KillYourself's ghost (weakling HOFi)
  1933 | D:3      | Killed KillYourself's ghost
  1933 | D:3      | Reached XP level 6. HP: 23/57 MP: 4/4
  2175 | D:3      | Reached XP level 7. HP: 49/66 MP: 4/4
  2303 | D:3      | Found a snail-covered altar of Cheibriados.
  2375 | D:3      | Found a shattered altar of Ashenzari.
  2424 | D:3      | Reached skill level 5 in Fighting
  2612 | D:4      | Found a shimmering altar of Xom.
  2612 | D:4      | Found a glowing golden altar of the Shining One.
  2614 | D:4      | Found an opulent altar of Gozag.
  2614 | D:4      | Found a white marble altar of Elyvilon.
  2691 | D:4      | Reached skill level 5 in Armour
  2691 | D:4      | Reached skill level 5 in Shields
  2715 | D:4      | Reached skill level 5 in Maces & Flails
  2896 | D:4      | Noticed a moth of wrath
  2899 | D:4      | Found a bloodstained altar of Trog.
  3394 | D:4      | Found a radiant altar of Vehumet.
  3445 | D:5      | Entered Level 5 of the Dungeon
  3472 | D:5      | Reached XP level 8. HP: 20/75 MP: 5/5
  3770 | D:5      | Found a deep blue altar of Sif Muna.
  3920 | D:5      | Found a staircase to the Ecumenical Temple.
  4067 | Temple   | Entered the Ecumenical Temple
  4112 | Temple   | Became a worshipper of Makhleb the Destroyer
  4189 | D:5      | Found Lamoas's Weapon Shoppe.
  4482 | D:6      | Identified the Papyrus of Mutagenic Clay
  5293 | D:7      | Reached * piety under Makhleb
  5371 | D:7      | Gained mutation: You passively map the area around you. [Deep Dwarf growth]
  5371 | D:7      | Reached XP level 9. HP: 28/85 MP: 5/5
  5627 | D:7      | Noticed Pikel
  5633 | D:7      | Killed Pikel
  5695 | D:7      | Noticed Dowan
  5696 | D:7      | Noticed Duvessa
  5725 | D:7      | Killed Duvessa
  5750 | D:7      | Killed Dowan
  5972 | D:7      | Found an ornate altar of the Wu Jian Council.
  6506 | D:8      | Reached ** piety under Makhleb
  6629 | D:8      | Found a staircase to the Lair.
  6700 | D:8      | Found a glowing silver altar of Zin.
  6793 | D:8      | HP: 4/88 [ice beast (4)]
  6861 | D:8      | Noticed a two-headed ogre
  6870 | D:8      | Mangled by a two-headed ogre

Vault maps used:
D:1:      kennysheep_arrival_forest
D:2:      lemuel_round_altar, lemuel_crystal_altar,
          chequers_ecumenical_altar_simple, uniq_natasha,
          uniq_crazy_yiuf_cottage, uniq_terence
D:3:      marbit_many_paths, nicolae_overflow_crystal_walls
D:4:      nicolae_overflow_hidden_temple, tgw_trog, grunt_temple_overflow_open,
          serial_co_window_serial, co_window_paths_a,
          co_window_of_opportunity_a, co_window_paths_a, co_window_corner_a,
          co_window_paths_a, co_window_broadway_b, co_window_2corner,
          co_window_unsneaky_path_a, co_window_corner_cb, glass_columns_b,
          glass_columns_b
D:5:      lemuel_blue_sif_altar, minmay_temple_entry_trees, first_ration,
          serial_shops, kennysheep_mini
D:6:      serial_glass, glass_columns_b, glass_columns_a,
          hangedman_abyss_or_decor_passed
D:7:      lemuel_coloured_pillars_altar, uniq_pikel, uniq_duvessa
D:8:      zin_academy, lair_entry_dummy
Temple:   jpeg_temple_island

Skill      XL: |  1  2  3  4  5  6  7  8  9 |
---------------+----------------------------+-----
Fighting       | 3 4 5 6 8 |  8.0
Maces & Flails | 3 4 5 7 8 |  8.4
Shields        | 4 5 6 7 |  7.1
Armour         | 4 5 6 7 |  7.1

Action                   |  1- 3 |  4- 6 |  7- 9 || total
-------------------------+-------+-------+-------++-------
Melee: Flail             |   121 |    78 |   125 ||   324
       Mace              |       |   130 |   406 ||   536
 Abil: Heal Wounds       |     2 |     5 |    12 ||    19
  Use: Scroll            |       |       |     9 ||     9
       Potion            |       |       |     1 ||     1
  Eat: Chunk             |     1 |     4 |    15 ||    20
Armor: Scale mail        |    91 |    13 |       ||   104
       Chain mail        |       |   156 |   259 ||   415
Dodge: Dodged            |    61 |    61 |   113 ||   235
Block: Shield            |    88 |   156 |   298 ||   542

Table legend:
 A = Spawn XP
 B = Non-spawn XP
 C = Spawn XP percentage of total XP
 D = Spawn monster count
 E = Non-spawn monster count
 F = Spawn count percentage of total count
 G = Total turns spent on level
                    A         B        C        D         E        F      G
               +---------+---------+-------+---------+---------+-------+---------
         Total |       0 |    5142 |   0.0 |       0 |     216 |   0.0 |  6870
               +---------+---------+-------+---------+---------+-------+---------
           D:1 |       0 |      67 |   0.0 |       0 |      27 |   0.0 |  1087
           D:2 |       0 |     291 |   0.0 |       0 |      27 |   0.0 |   823
           D:3 |       0 |     556 |   0.0 |       0 |      41 |   0.0 |   702
           D:4 |       0 |     434 |   0.0 |       0 |      27 |   0.0 |   833
           D:5 |       0 |     493 |   0.0 |       0 |      22 |   0.0 |   866
           D:6 |       0 |     865 |   0.0 |       0 |      25 |   0.0 |   859
           D:7 |       0 |    1583 |   0.0 |       0 |      34 |   0.0 |   935
           D:8 |       0 |     853 |   0.0 |       0 |      13 |   0.0 |   664
               +---------+---------+-------+---------+---------+-------+---------
